 Dungeon Crawl Stone Soup version 0.20-a0-629-gc37eb77 (webtiles) character file.

7724 ChocoNymphy the Basher (level 11, -10/56 HPs)
             Began as a Vine Stalker Fighter on Feb 11, 2017.
             Was an Initiate of Gozag.
             Mangled by Snorg (13 damage)
             ... on level 10 of the Dungeon.
             The game lasted 00:39:43 (9278 turns).

ChocoNymphy the Basher (Vine Stalker Fighter)       Turns: 9278, Time: 00:39:43

Health: -10/56     AC: 17    Str: 27    XL:     11   Next: 19%
Magic:  0/12       EV: 10    Int:  8    God:    Gozag
Gold:   1774       SH:  6    Dex: 14    Spells: 10/10 levels left

rFire    . . .     SeeInvis .   t - +2 flail (crush)
rCold    . . .     Gourm    +   d - +4 chain mail
rNeg     . . .     Faith    .   M - +0 buckler
rPois    .         Spirit   +   (no helmet)
rElec    .         Reflect  .   (no cloak)
rCorr    .         Harm     .   (no gloves)
MR       +....                  v - +0 pair of boots
Stlth    ..........             C - amulet of the gourmand
Regen    0.6/turn               (no ring)
                                s - +4 ring of slaying

@: mighty
A: fangs 3, icy blue scales 1, sense surroundings 1, regeneration 1, magic
shield, antimagic bite, no potion heal 3, rot immunity
a: Potion Petition, Call Merchant, Bribe Branch, Renounce Religion


You were on level 10 of the Dungeon.
You worshipped Gozag.
Gozag was most pleased with you.
You were not hungry.

You visited 1 branch of the dungeon, and saw 10 of its levels.

You collected 1855 gold pieces.
You paid 81 gold pieces to Gozag.

Inventory:

Hand Weapons
 a - a +0 blowgun
 r - a +4 hunting sling
 t - a +2 flail of crushing (weapon)
 J - a +0 blowgun
Missiles
 e - 27 poisoned needles
 i - 42 bolts
 y - 17 tomahawks (quivered)
Armour
 d - a +4 chain mail (worn)
 v - a +0 pair of boots (worn)
 E - a +2 robe of magic resistance
 K - a +1 plate armour of cold resistance
 M - a +0 buckler (worn)
Jewellery
 s - a +4 ring of slaying (left hand)
 C - an amulet of the gourmand (around neck)
Wands
 A - a wand of acid (5/15)
 G - a wand of confusion (27/48)
Scrolls
 b - a scroll of fog
 h - 3 scrolls of teleportation
 j - 3 scrolls of enchant armour {unknown}
 l - 2 scrolls of immolation
 n - 2 scrolls of amnesia {unknown}
 o - a scroll of blinking {unknown}
 u - a scroll of remove curse
 x - a scroll of recharging {unknown}
 z - 2 scrolls of fear {unknown}
 B - a scroll of magic mapping {unknown}
 H - a scroll of acquirement {unknown}
Potions
 g - 2 potions of flight {unknown}
 m - 3 potions of agility
 p - a potion of cancellation {unknown}
 q - 3 potions of curing
 w - a potion of invisibility {unknown}
 D - 2 potions of brilliance {unknown}
 I - a potion of lignification {unknown}
Comestibles
 f - 7 bread rations
 k - 12 meat rations


   Skills:
 + Level 6.0 Fighting
 + Level 9.6 Maces & Flails
   Level 2.7 Polearms
 + Level 7.0 Armour
 + Level 2.3 Dodging
 + Level 3.1 Stealth
 + Level 7.7 Shields


You had 10 spell levels left.
You didn't know any spells.

Dungeon Overview and Level Annotations

Branches:
Dungeon (10/15)            Temple (0/1) D:6            Lair (0/6) D:9
    Orc: D:9-12

Altars:
Cheibriados
Elyvilon
Gozag
Kikubaaqudgha
Okawaru
Qazlal
Ru
Trog
Xom
Yredelemnul
Zin
The Shining One

Annotations:
D:10 Snorg


Innate Abilities, Weirdness & Mutations

You have razor-sharp teeth.
Your natural rate of healing is unusually fast.
When hurt, damage is shared between your health and your magic reserves.
Your bite disrupts and absorbs the magic of your enemies.
Potions cannot restore your health.
You are immune to rotting.
You are partially covered in icy blue scales. (AC +2)
You passively map a small area around you.


Message History

You block Snorg's attack.
You sock Snorg! You bite Snorg. You drain her power.
Snorg is lightly wounded.
Snorg goes berserk!
You thump Snorg! Your bite misses Snorg.
Snorg is moderately wounded.
You block Snorg's attack. Snorg claws you. Snorg claws you but does no damage.
You hit Snorg.
Snorg is moderately wounded.
Snorg bites you! Snorg claws you! Snorg claws you but does no damage.
Snorg bites you but does no damage. Snorg misses you.
Snorg completely misses you.
You feel very mighty all of a sudden. Snorg bites you!!
* * * LOW HITPOINT WARNING * * *
Snorg claws you but does no damage. Snorg claws you!
* * * LOW HITPOINT WARNING * * *
Snorg bites you!
You die...
Your body crumbles into a pile of gold.

###.# #.## * , *
#...# # #... ,,
#.### *.#..### *
#.# .#..#. #.#
...., * #.# #..#*
###)# #..#
####..)########T.#
##..............@.#
........#.######.##
......###.# #.#
##.##. #.# #.# #.
#. #.# #.# . ,..
#.# #.# # #.# #.# *
, #.# #.# , , *


You could see Snorg (berserk).

Vanquished Creatures
  Erica (D:8)
  A two-headed ogre (D:8)
  The ghost of sand the Gusty, a novice OgAE of Qazlal (D:7)
  Grinder (D:6)
  3 hippogriffs
  Sigmund (D:6)
  3 yaks (D:8)
  A hungry ghost (D:8)
  2 wargs (D:9)
  Edmund (D:4)
  4 orc warriors
  An ice beast (D:9)
  5 sky beasts
  A black bear (D:4)
  A phantom (D:9)
  5 ogres
  3 centaurs
  The ghost of rogsnak the Vexing, an amateur DsEn of Nemelex Xobeh (D:5)
  A big kobold (D:10)
  4 bullfrogs
  Blork the orc (D:6)
  A gnoll sergeant (D:8)
  2 scorpions
  4 wights
  4 howler monkeys
  4 crimson imps
  A bullfrog zombie (D:5)
  A jelly (D:8)
  4 hounds
  17 orc wizards
  5 orc priests
  Crazy Yiuf (D:7)
  3 iguanas
  Terence (D:2)
  7 worker ants
  A hound skeleton (D:7)
  5 gnolls (D:8)
  7 adders
  3 shadow imps
  2 oozes
  4 adder zombies
  2 adder skeletons
  2 worms
  2 dart slugs
  3 leopard geckos
  36 orcs
  A ball python (D:1)
  2 giant cockroaches
  5 goblins
  8 hobgoblins
  24 jackals
  13 kobolds
  2 quokkas
  A ball python skeleton (D:4)
  7 bats
  2 frilled lizards
  A leopard gecko skeleton (D:6)
  A quokka skeleton (D:5)
  A quokka zombie (D:8)
  3 rats
  A plant (D:1)
236 creatures vanquished.

Notes
Turn   | Place    | Note
-------+----------+-------------------------------------------
     0 | D:1      | ChocoNymphy the Vine Stalker Fighter began the quest for the Orb.
     0 | D:1      | Reached XP level 1. HP: 11/11 MP: 2/2
    89 | D:1      | Reached XP level 2. HP: 15/16 MP: 3/3
   876 | D:1      | Reached XP level 3. HP: 19/19 MP: 4/4
  1327 | D:2      | Found an ancient bone altar of Kikubaaqudgha.
  1334 | D:2      | Found a glowing silver altar of Zin.
  1334 | D:2      | Found a white marble altar of Elyvilon.
  1340 | D:2      | Found a snail-covered altar of Cheibriados.
  1345 | D:2      | Found a bloodstained altar of Trog.
  1373 | D:2      | Noticed Terence
  1388 | D:2      | Gained mutation: You have supernaturally acute eyesight. (SInv) [potion of mutation]
  1388 | D:2      | Gained mutation: You are robust. (+10% HP) [potion of mutation]
  1391 | D:2      | Killed Terence
  1391 | D:2      | Gained mutation: Your natural rate of healing is unusually fast. [Vine Stalker growth]
  1391 | D:2      | Reached XP level 4. HP: 17/26 MP: 5/5
  1654 | D:2      | Lost mutation: You have supernaturally acute eyesight. (SInv) [potion of mutation]
  1654 | D:2      | Lost mutation: You are robust. (+10% HP) [potion of mutation]
  1654 | D:2      | Gained mutation: You are partially covered in icy blue scales. (AC +2) [potion of mutation]
  1654 | D:2      | Gained mutation: You passively map a small area around you. [potion of mutation]
  2171 | D:3      | Found a faded altar of an unknown god.
  2333 | D:3      | Reached XP level 5. HP: 25/28 MP: 6/6
  2557 | D:3      | Found a shimmering altar of Xom.
  2559 | D:3      | Found a white marble altar of Elyvilon.
  2559 | D:3      | Found an ancient bone altar of Kikubaaqudgha.
  2561 | D:3      | Found a burning altar of Makhleb.
  2561 | D:3      | Found a shimmering altar of Xom.
  2561 | D:3      | Found a glowing golden altar of the Shining One.
  3126 | D:4      | Noticed Edmund
  3142 | D:4      | Killed Edmund
  3142 | D:4      | Reached skill level 1 in Maces & Flails
  3142 | D:4      | Reached XP level 6. HP: 32/32 MP: 7/7
  3144 | D:4      | Reached skill level 1 in Dodging
  3156 | D:4      | Noticed a black bear
  3166 | D:4      | Killed a black bear
  3356 | D:4      | Found an opulent altar of Gozag.
  3364 | D:4      | Became a worshipper of Gozag Ym Sagoz the Greedy
  3427 | D:4      | Found a basalt altar of Yredelemnul.
  3429 | D:4      | Noticed a profane servitor
  3442 | D:4      | Found a glowing golden altar of the Shining One.
  3444 | D:4      | Noticed an angel
  3486 | D:4      | Reached skill level 2 in Maces & Flails
  3486 | D:4      | Reached XP level 7. HP: 36/36 MP: 8/8
  3518 | D:4      | Found a sacrificial altar of Ru.
  3679 | D:5      | Entered Level 5 of the Dungeon
  4215 | D:5      | Reached skill level 3 in Maces & Flails
  4215 | D:5      | Reached skill level 5 in Shields
  4351 | D:5      | Noticed rogsnak's ghost (amateur DsEn)
  4359 | D:5      | Killed rogsnak's ghost
  4359 | D:5      | Gained mutation: You have razor-sharp teeth. [Vine Stalker growth]
  4359 | D:5      | Reached XP level 8. HP: 42/42 MP: 9/9
  4388 | D:5      | Reached skill level 1 in Stealth
  4420 | D:5      | Found an iron altar of Okawaru.
  4786 | D:6      | Noticed Grinder
  4792 | D:6      | Killed Grinder
  4792 | D:6      | Reached skill level 4 in Maces & Flails
  4922 | D:6      | Found a staircase to the Ecumenical Temple.
  4977 | D:6      | Noticed Blork the orc
  4984 | D:6      | Killed Blork the orc
  4984 | D:6      | Reached skill level 5 in Maces & Flails
  5008 | D:6      | Found a stormy altar of Qazlal.
  5013 | D:6      | Noticed an air elemental
  5013 | D:6      | Noticed a water elemental
  5170 | D:6      | Noticed Sigmund
  5196 | D:6      | Killed Sigmund
  5196 | D:6      | Reached XP level 9. HP: 39/46 MP: 8/10
  6056 | D:7      | Reached skill level 6 in Maces & Flails
  6384 | D:7      | Noticed sand's ghost (novice OgAE)
  6393 | D:7      | Killed sand's ghost
  6393 | D:7      | Reached skill level 5 in Armour
  6407 | D:7      | Found a runed door.
  6411 | D:7      | Noticed Crazy Yiuf
  6414 | D:7      | Killed Crazy Yiuf
  6545 | D:8      | Noticed Erica
  6562 | D:8      | Killed Erica
  6562 | D:8      | Reached skill level 5 in Fighting
  6562 | D:8      | Reached skill level 7 in Maces & Flails
  6564 | D:8      | Reached XP level 10. HP: 36/51 MP: 11/11
  6573 | D:8      | Reached skill level 8 in Maces & Flails
  6889 | D:8      | Noticed a two-headed ogre
  6901 | D:8      | Killed a two-headed ogre
  7488 | D:9      | Reached skill level 9 in Maces & Flails
  7664 | D:9      | Found a staircase to the Lair.
  7826 | D:9      | Reached XP level 11. HP: 41/56 MP: 9/12
  8534 | D:10     | Entered Level 10 of the Dungeon
  9269 | D:10     | Noticed Snorg
  9278 | D:10     | Mangled by Snorg

Vault maps used:
D:1:      roderic_crop_circles_arrival_small
D:2:      minitemple, first_bread, roderic_roman_lattice, uniq_terence
D:3:      chequers_ecumenical_altar_island, doesnt_xom_only_xom
D:4:      grunt_temple_overflow_holy_war, kennysheep_mini, grunt_gozag_statues,
          uniq_edmund
D:5:      okawaru_metal_pillars_1_2
D:6:      nicolae_qazlal_style_of_elements, temple_fountains, uniq_grinder,
          uniq_blork_the_orc, uniq_sigmund
D:7:      grunt_ogre_cave, uniq_crazy_yiuf_cottage
D:8:      uniq_erica
D:9:      cheibrodos_helix_gallery, erik_lair_orcish_takeover
D:10:     uniq_snorg

Skill      XL: |  1  2  3  4  5  6  7  8  9 10 11 |
---------------+----------------------------------+-----
Shields        | 3 4 5 6 7 |  7.7
Polearms       | 2 |  2.7
Fighting       | 3 4 5 6 |  6.0
Armour         | 3 4 5 6 7 |  7.0
Maces & Flails | 1 2 3 5 7 9 |  9.6
Dodging        | 1 2 |  2.3
Stealth        | 2 3 |  3.1

Action                   |  1- 3 |  4- 6 |  7- 9 | 10-12 || total
-------------------------+-------+-------+-------+-------++-------
Melee: Trident           |   133 |    34 |       |       ||   167
       Bite              |    46 |    24 |    60 |    86 ||   216
       Flail             |       |    54 |   179 |   273 ||   506
  Use: Potion            |     4 |     1 |       |     1 ||     6
       Scroll            |       |     6 |     1 |     2 ||     9
 Stab: Distracted        |       |       |     2 |       ||     2
  Eat: Bread ration      |       |     1 |       |     1 ||     2
       Chunk             |       |     3 |       |       ||     3
       Fruit             |       |       |     9 |       ||     9
       Royal jelly       |       |       |     2 |     2 ||     4
       Meat ration       |       |       |       |     1 ||     1
Armor: Scale mail        |    71 |    19 |       |       ||    90
       Chain mail        |       |    36 |    90 |   129 ||   255
Dodge: Dodged            |    46 |    26 |    40 |    73 ||   185
Block: Shield            |    73 |    45 |    95 |   137 ||   350
       Buckler           |       |       |       |     3 ||     3
